 Dungeon Crawl Stone Soup version 0.22.0 (webtiles) character file.

1627 snetch the Covered (level 8, -1/64 HPs)
             Began as a Demonspawn Wanderer on Aug 10, 2018.
             Killed by divine providence
             ... invoked by an orc priest
              (12 damage)
             ... on level 4 of the Dungeon on Aug 11, 2018.
             The game lasted 00:20:56 (4173 turns).

snetch the Covered (Demonspawn Wanderer)            Turns: 4173, Time: 00:20:57

Health: -1/64      AC: 20    Str: 17    XL:     8   Next: 65%
Magic:  8/8        EV:  4    Int: 12    God:
Gold:   105        SH:  7    Dex: 14    Spells: 7/7 levels left

rFire    . . .     SeeInvis +   a - +2 falchion
rCold    . . .     Gourm    .   E - +0 shield
rNeg     . . .     Faith    .   x - +0 plate armour
rPois    .         Spirit   .   y - +2 helmet
rElec    .         Reflect  .   (no cloak)
rCorr    .         Harm     .   v - +1 pair of gloves
MR       .....                  (no boots)
Stlth    ..........             (no amulet)
HPRegen  0.20/turn              f - +2 ring of strength
MPRegen  0.11/turn              A - ring of see invisible

@: no status effects
A: talons 1, icy blue scales 1, demonic guardian 1, rot immunity
a: no special abilities


You were on level 4 of the Dungeon.
You were not hungry.

You visited 1 branch of the dungeon, and saw 6 of its levels.

You collected 105 gold pieces.

Inventory:

Hand Weapons
 a - a +2 falchion (weapon)
 g - a +0 shortbow
 B - a +0 whip of freezing
 G - a +0 scythe
Missiles
 b - 51 arrows
 e - 148 stones (quivered)
 h - 14 sling bullets
 u - 10 poisoned needles
Armour
 v - a +1 pair of gloves (worn)
 x - a +0 plate armour (worn)
 y - a +2 helmet (worn)
 C - a +0 robe of magic resistance
 E - a +0 shield (worn)
Jewellery
 f - a +2 ring of strength (left hand)
 p - an uncursed ring of magical power
 s - an uncursed ring of magical power
 A - a ring of see invisible (right hand)
Wands
 F - a wand of disintegration (11)
Scrolls
 c - 2 scrolls of teleportation
 i - 2 scrolls of remove curse
 j - a scroll of fear
 k - a scroll of magic mapping
 m - a scroll of blinking
 n - 2 scrolls of enchant weapon
 r - a scroll of enchant armour {unknown}
Potions
 l - a potion of haste
 o - a potion of agility
 q - 2 potions of lignification
 t - a potion of berserk rage
 z - a potion of heal wounds
 D - a potion of mutation {unknown}
Comestibles
 d - 9 rations
 w - 2 chunks of flesh


   Skills:
 + Level 5.7 Fighting
 + Level 5.4 Long Blades
 + Level 1.9 Maces & Flails
 * Level 6.4 Armour
 * Level 3.3 Dodging
 + Level 1.3 Stealth
 + Level 0.1 Shields
 + Level 1.0 Evocations


You had 7 spell levels left.
You didn't know any spells.
Your spell library was empty.

Dungeon Overview and Level Annotations

Branches:
Dungeon (6/15)
 Temple: D:4-7

Altars:

Shops:
D:4 :

Annotations:
D:5 1 transporter, Quiddity's ghost, novice DDEE


Innate Abilities, Weirdness & Mutations

You have sharp toenails.
You are partially covered in icy blue scales. (AC +2)
A weak demonic guardian rushes to your aid.
You are immune to rotting.


Message History

You claw the orc priest, but do no damage.
The orc priest is moderately wounded.
The orc priest hits you with a trident.
You closely miss the orc priest. You claw the orc priest.
The orc priest is severely wounded.
The orc priest hits you but does no damage.
The orc priest begins to cast a cantrip, but forgets the words!
You hit the orc priest but do no damage.
The orc priest is severely wounded.
The orc priest looks satisfied for a moment.
The orc priest mumbles some strange prayers to Beogh against you.
Beogh smites you!
* * * LOW HITPOINT WARNING * * *
Your ufetubus barely misses the orc priest. x2
The orc priest hits your ufetubus with a trident!
Your ufetubus dies!
You block the orc priest's attack.
The orc priest calls down the wrath of Beogh upon you.
Beogh smites you!
You die...

.....................
.#####...##.######.##
.## ##.###.# ..# #####'#
#.# ##...## #.#
##.....## #### #.##
##.......## .....
...####.......5.####...#
......'.........@ooo...#
...####......<..####...#
#.## ##.......## ...?.
### ##.....## .#.# #
##...## ..# # ##'## .. #
#####.####### . #
#...........#
#######.###.#####.#


You could see 2 orc priests, an orc wizard and a friendly white imp.

Vanquished Creatures
  Pikel (D:4)
  Sigmund (D:4)
  Menkaure (D:4)
  An ogre (D:4)
  A phantom (D:4)
  A centaur (D:5)
  2 scorpions
  A jelly (D:6)
  A bullfrog skeleton (D:5)
  An orc priest (D:3)
  A hound (D:6)
  3 orc wizards
  An iguana (D:4)
  A worker ant (D:5)
  Natasha (twice) (D:4)
  Robin (D:3)
  7 adders
  An ooze (D:3)
  An adder zombie (D:5)
  An adder skeleton (D:4)
  4 worms
  2 leopard geckos (D:3)
  15 orcs
  A ball python (D:2)
  4 bats
  A giant cockroach (D:1)
  14 goblins
  8 hobgoblins
  8 jackals
  5 frilled lizards
  3 kobolds
  2 rats
97 creatures vanquished.

Vanquished Creatures (collateral kills)
  An ogre (D:5)
  A centaur (D:5)
  A bullfrog (D:6)
  An orc priest (D:4)
  An orc wizard (D:5)
  A worker ant (D:5)
  An orc (D:5)
7 creatures vanquished.

Vanquished Creatures (others)
  3 orc wizards
  Natasha (D:4)
  A worker ant (D:4)
  A leopard gecko (D:4)
  An orc (D:4)
7 creatures vanquished.

Grand Total: 111 creatures vanquished

Notes
Turn   | Place    | Note
-------+----------+-------------------------------------------
     0 | D:1      | snetch the Demonspawn Wanderer began the quest for the Orb.
     0 | D:1      | snetch set off with: a +2 falchion, a +0 ring mail, a scroll of teleportation, a ration
     0 | D:1      | Reached XP level 1. HP: 19/19 MP: 1/1
   182 | D:2      | Gained mutation: You are immune to rotting. [demonic ancestry]
   182 | D:2      | Reached XP level 2. HP: 22/25 MP: 2/2
   254 | D:2      | HP: 1/26 [poisoned by an adder]
   731 | D:2      | Reached skill level 2 in Armour
   736 | D:3      | Reached XP level 3. HP: 26/31 MP: 3/3
   740 | D:3      | Reached skill level 1 in Dodging
   894 | D:1      | Reached XP level 4. HP: 29/38 MP: 4/4
  1719 | D:3      | Reached skill level 3 in Armour
  1719 | D:3      | Gained mutation: You have sharp toenails. [demonic ancestry]
  1719 | D:3      | Reached XP level 5. HP: 12/43 MP: 5/5
  1722 | D:3      | HP: 2/64 [something (2)]
  2467 | D:3      | Noticed Robin
  2491 | D:3      | Killed Robin
  2601 | D:4      | Reached skill level 4 in Armour
  2601 | D:4      | Gained mutation: A weak demonic guardian rushes to your aid. [demonic ancestry]
  2601 | D:4      | Reached XP level 6. HP: 33/50 MP: 6/6
  2838 | D:5      | Entered Level 5 of the Dungeon
  2862 | D:5      | Found a transporter.
  2862 | D:5      | Noticed Quiddity's ghost (novice DDEE)
  2905 | D:4      | Noticed Menkaure
  2917 | D:4      | Killed Menkaure
  2917 | D:4      | Reached skill level 5 in Fighting
  2972 | D:6      | Reached XP level 7. HP: 3/56 MP: 7/7
  2973 | D:6      | Reached skill level 5 in Armour
  2973 | D:6      | HP: 2/56 [scorpion (1)]
  3346 | D:4      | Noticed Pikel
  3366 | D:4      | Killed Pikel
  3366 | D:4      | Gained mutation: You are partially covered in icy blue scales. (AC +2) [demonic ancestry]
  3366 | D:4      | Reached XP level 8. HP: 47/63 MP: 8/8
  3584 | D:4      | Reached skill level 6 in Armour
  3776 | D:4      | Noticed Natasha
  3781 | D:4      | Killed Natasha
  3781 | D:4      | Reached skill level 5 in Long Blades
  3788 | D:4      | Killed Natasha
  3809 | D:4      | Found Gucirr's Book Shoppe.
  3836 | D:4      | Noticed Sigmund
  3861 | D:4      | Killed Sigmund
  4017 | D:4      | Noticed Natasha
  4026 | D:4      | Killed Natasha
  4173 | D:4      | Killed from afar by an orc priest

Skill      XL: |  1  2  3  4  5  6  7  8 |
---------------+-------------------------+-----
Armour         | 2 3 4 5 6 |  6.4
Dodging        | 1 2 3 |  3.3
Long Blades    | 2 4 5 |  5.4
Fighting       | 5 |  5.7
Maces & Flails | |  1.9
Stealth        | |  1.3
Shields        | |  0.1
Evocations     | |  1.0

Action                   |  1- 3 |  4- 6 |  7- 9 || total
-------------------------+-------+-------+-------++-------
Melee: Falchion          |    75 |    99 |   134 ||   308
       Whip              |       |    98 |       ||    98
       Kick              |       |    27 |    39 ||    66
  Use: Potion            |     4 |     3 |       ||     7
       Scroll            |       |     7 |       ||     7
 Stab: Sleeping          |     1 |       |       ||     1
  Eat: Chunk             |       |     7 |     4 ||    11
Armor: Ring mail         |    39 |    30 |       ||    69
       Plate armour      |       |   160 |   106 ||   266
Dodge: Dodged            |    53 |   117 |    45 ||   215
Block: Shield            |       |       |     9 ||     9
       Rpst.: Falchion   |    23 |    27 |    11 ||    61
